 Dungeon Crawl Stone Soup version 0.30-a0-476-g330ca2eb8e (webtiles) character file.

Game seed: 15174765109797113480

49 cforsyth the Digger (level 3, -4/19 HPs)
             Began as a Gargoyle Earth Elementalist on Dec 21, 2022.
             Slain by an orc priest
             ... wielding a +0 hand axe
              (6 damage)
             ... on level 3 of the Dungeon.
             The game lasted 00:03:16 (2272 turns).

cforsyth the Digger (Gargoyle Earth Elementalist)   Turns: 2272, Time: 00:03:16

Health: -4/19      AC: 10    Str: 11    XL:     3   Next: 77%
Magic:  1/6        EV: 12    Int: 17    God:
Gold:   53         SH:  0    Dex: 10    Spells: 5/6 levels left

rFire   . . .      SeeInvis +    (no weapon)
rCold   . . .      Faith    .    (no shield)
rNeg    + . .      Spirit   .    a - +0 robe
rPois   ∞          Reflect  .    f - +0 helmet
rElec   +          Harm     .    (no cloak)
rCorr   .          Rampage  .    (no gloves)
Will    .....                    (no boots)
Stlth   ++........               (no amulet)
HPRegen 0.23/turn                l - ring of see invisible
MPRegen 0.10/turn                o - +4 ring of protection

@: no status effects
A: sickness immunity, AC +3, negative energy resistance 1, electricity
resistance, torment resistance 1, petrification resistance
a: no special abilities


You were on level 3 of the Dungeon.
You visited 1 branch of the dungeon, and saw 3 of its levels.

You collected 53 gold pieces.

Inventory:

Armour
 a - a +0 robe (worn)
 f - a +0 helmet (worn)
Jewellery
 l - a ring of see invisible (left hand)
 o - a +4 ring of protection (right hand)
Scrolls
 d - 7 scrolls of identify {unknown}
 g - 2 scrolls of amnesia {unknown}
 h - 3 scrolls of noise {unknown}
 j - a scroll of enchant weapon {unknown}
 m - a scroll of fog {unknown}
 p - a scroll of poison {unknown}
 q - a scroll of teleportation {unknown}
 r - a scroll of immolation {unknown}
Potions
 b - a potion of magic
 c - 6 potions of curing {unknown}
 e - a potion of attraction {unknown}
 i - a potion of lignification {unknown}
 k - 2 potions of brilliance {unknown}
 n - a potion of mutation {unknown}


   Skills:
 + Level 2.0 Dodging
 + Level 2.8 Stealth
 + Level 2.3 Spellcasting
 + Level 1.4 Transmutations
 + Level 4.0 Earth Magic


You had 5 spell levels left.
You knew the following spells:

 Your Spells              Type           Power      Damage    Failure   Level
a - Sandblast             Erth           30%        2d9       3%          1

Your spell library contained the following spells:

 Spells                   Type           Power      Damage    Failure   Level
 Passwall                 Tmut/Erth      9%         N/A       9%          2
 Stone Arrow              Conj/Erth      16%        3d8       24%         3
 Petrify                  Tmut/Erth      11%        N/A       52%         4


Dungeon Overview and Level Annotations

Branches:
Dungeon (3/15)

Altars:


Innate Abilities, Weirdness & Mutations

You are immune to sickness and miasma.
Your stone body is resilient. (AC +3)
You are immune to poison.
You resist negative energy. (rN+)
You are resistant to electric shocks. (rElec)
You are resistant to unholy torment.
You are immune to petrification.


Message History

You closely miss the orc priest.
The orc priest is moderately wounded.
The orc priest invokes the aid of Beogh against you.
Pain shoots through your body!
You barely miss the orc priest.
The orc priest is moderately wounded.
The orc priest completely misses you.
Unknown command.
Magic courses through your body.
The orc priest hits you but does no damage.
Unknown command.
The blast of sand hits the orc priest but does no damage.
The orc priest is moderately wounded.
The orc priest closely misses you. The orc priest barely misses you.
The blast of sand hits the orc priest.
The orc priest is heavily wounded.
The orc priest hits you but does no damage.
The blast of sand hits the orc priest but does no damage.
The orc priest is heavily wounded.
The orc priest barely misses you. The orc priest misses you.
The blast of sand hits the orc priest.
The orc priest is heavily wounded.
The orc priest barely misses you.
Unknown command.
The blast of sand hits the orc priest.
The orc priest is almost dead.
The orc priest hits you with a +0 hand axe.
The orc priest mumbles some strange prayers to Beogh against you.
Beogh smites you!
* * * LOW HITPOINT WARNING * * *
Unknown command.
Casting: Sandblast (safe; 3% risk of failure)
Confirm with . or Enter, or press ? or * to list all spells.
Aiming: Sandblast (safe; 3% risk of failure)
Press: ? - help, Shift-Dir - straight line, f/p - orc priest
Aim: an orc priest, wielding a +0 hand axe and wearing a +0 ring mail (almost dead, 84% to hit)
The blast of sand hits the orc priest.
The orc priest is almost dead.
The orc priest hits you with a +0 hand axe.
You die...

.###.#### #...#
#.#
.###.#######...#
#.#
...............#
#.#
####.#.######..#
#.# # #.#.##
#..# #.# #
##...# #..####.#
#...# #..#....#
##...# #o.#.####
#...## #.h#@#
##...# ##..#o#
#...######...).#
##...#
#......###
##...## ########
#...## ...##
..## .##


You could see an orc priest.

Vanquished Creatures
  3 orcs (D:3)
  5 bats
  2 endoplasms
  A giant cockroach (D:2)
  2 goblins
  5 hobgoblins
  6 jackals
  3 quokkas
  4 ball pythons
  3 frilled lizards
  3 kobolds
  4 rats
41 creatures vanquished.

Notes
Turn   | Place    | Note
-------+----------+-------------------------------------------
     0 | D:1      | cforsyth the Gargoyle Earth Elementalist began the quest
                  | for the Orb.
     0 | D:1      | Reached XP level 1. HP: 10/10 MP: 3/3
   381 | D:1      | Reached skill level 1 in Transmutations
   381 | D:1      | Reached XP level 2. HP: 15/15 MP: 1/5
  1150 | D:2      | Reached XP level 3. HP: 19/19 MP: 1/6
  1579 | D:2      | Reached skill level 4 in Earth Magic
  2272 | D:3      | Slain by an orc priest

Illustrated notes

Levels and vault maps discovered:
D:1:      mrwooster_arrival_arrow, layout_basic
D:2:      minmay_wonky_spiral, layout_loops_ring, chequers_serial_rivers_micro_e
D:3:      layout_basic, serial_curves, eino_curves_04, eino_curves_01

Skill      XL: |  1  2  3 |
---------------+----------+-----
Transmutations | 1 |  1.4
Earth Magic    | 4 |  4.0
Dodging        | 2 |  2.0
Stealth        | |  2.8
Spellcasting   | |  2.3

Action                   || total
-------------------------++-------
Melee: Unarmed           ||    14
 Cast: Sandblast         ||    64
  Use: Potion            ||     1
Armor: Robe              ||    28
Dodge: Dodged            ||    48

Table legend: (Time is in decaauts)
 A = Elapsed time spent in this place.
 B = Non-inter-level travel time spent in this place.
 C = Inter-level travel time spent in this place.
 D = Time resting spent in this place.
 E = Time spent auto-exploring this place.
 F = Levels seen in this place.
 G = Mean time per level.
                   A        B        C        D        E       F      G
               +--------+--------+--------+--------+--------+-----+--------+
         Total |   2304 |   2248 |     56 |    157 |   1784 |   3 |  768.0 |
       Dungeon |   2304 |   2248 |     56 |    157 |   1784 |   3 |  768.0 |
               +--------+--------+--------+--------+--------+-----+--------+

Top non-repeatable levels by time:
     D:1: 1061 daAuts
     D:2: 841 daAuts
     D:3: 401 daAuts
